 Dungeon Crawl Stone Soup version 0.20.1-1-g8b1a95d (webtiles) character file.

1126 Stelteck the Geomancer (level 8, -8/41 HPs)
             Began as a Gargoyle Earth Elementalist on Oct 8, 2017.
             Was an Initiate of Vehumet.
             Killed by divine providence
             ... invoked by an orc priest
              (13 damage)
             ... on level 6 of the Dungeon.
             The game lasted 00:27:26 (5541 turns).

Stelteck the Geomancer (GrEE)                       Turns: 5541, Time: 00:27:28

Health: -8/41      AC: 13    Str: 12    XL:     8   Next: 35%
Magic:  8/11       EV: 11    Int: 18    God:    Vehumet [......]
Gold:   259        SH:  0    Dex: 10    Spells: 1/11 levels left

rFire    . . .     SeeInvis .   r - +2 dagger (flame)
rCold    . . .     Gourm    .   (no shield)
rNeg     + . .     Faith    .   p - +0 leather armour
rPois    ∞         Spirit   .   (helmet restricted)
rElec    +         Reflect  .   k - +0 cloak
rCorr    .         Harm     .   (no gloves)
MR       .....                  h - +1 pair of boots
Stlth    ++........             (no amulet)
Regen    0.2/turn               (no ring)
MPRegen  0.2/turn               (no ring)

@: flying
A: antennae 1, big wings, negative energy resistance 1, shaggy fur 1,
electricity resistance, unbreathing, petrification resistance, rot immunity, AC
+5
a: Stop Flying, Renounce Religion


You were on level 6 of the Dungeon.
You worshipped Vehumet.
Vehumet was noncommittal.
You were hungry.

You visited 2 branches of the dungeon, and saw 7 of its levels.

You collected 259 gold pieces.

Inventory:

Hand Weapons
 j - a +2 dagger of speed
 o - a +1 whip of freezing
 r - a +2 dagger of flaming (weapon)
Missiles
 a - 65 bolts
 b - 129 stones
 l - 2 tomahawks (quivered)
Armour
 h - a +1 pair of boots (worn)
 k - a +0 cloak (worn)
 p - a +0 leather armour (worn)
Wands
 c - a wand of confusion (32/48)
 E - a wand of iceblast (6/15)
Scrolls
 i - 8 scrolls of teleportation
 q - 2 scrolls of blinking
 s - a scroll of fear {unknown}
 t - a scroll of enchant weapon {unknown}
 u - a scroll of amnesia
 v - 2 scrolls of remove curse
 w - a scroll of immolation {unknown}
 y - a scroll of torment {unknown}
 C - a scroll of fog {unknown}
Potions
 g - a potion of mutation
 n - a potion of brilliance
 x - a potion of heal wounds
 z - a potion of resistance {unknown}
 A - a potion of berserk rage
 B - a potion of lignification {unknown}
Books
 e - a book of Geomancy

   Spells                             Type                      Level
   a - Sandblast                      Earth                        1
   b - Passwall                       Transmutation/Earth          2
   c - Stone Arrow                    Conjuration/Earth            3
   d - Petrify                        Transmutation/Earth          4
   e - Lee's Rapid Deconstruction     Earth                        5
Comestibles
 d - 5 bread rations
 f - 2 royal jellies
 m - 2 meat rations
 F - 4 fruits


   Skills:
 - Level 7.4 Armour
 - Level 1.5 Dodging
 - Level 2.1 Stealth
 - Level 2.0 Spellcasting
 + Level 2.3 Transmutations
 - Level 8.1 Earth Magic


You had one spell level left.
You knew the following spells:

 Your Spells              Type           Power        Failure   Level  Hunger
a - Sandblast             Erth           ####..       1%          1    #......
b - Passwall              Tmut/Erth      ###.......   3%          2    ###....
c - Stone Arrow           Conj/Erth      ###...       12%         3    ###....
d - Petrify               Tmut/Erth      ###.....     26%         4    #####..


Dungeon Overview and Level Annotations

Branches:
Dungeon (6/15)             Temple (1/1) D:6

Altars:
Ashenzari
Dithmenos
Elyvilon
Fedhas
Gozag
Hepliaklqana
Kikubaaqudgha
Nemelex Xobeh
Qazlal
Trog
Vehumet
Xom
Yredelemnul
Zin
The Shining One


Innate Abilities, Weirdness & Mutations

You are resistant to torment.
Your stone body is resilient. (AC +5)
You are immune to poison.
You resist negative energy. (rN+)
You are resistant to electric shocks. (rElec)
You can survive without breathing.
You are immune to petrification.
You are immune to rotting.
You have a pair of small antennae on your head.
Your large and strong wings let you fly indefinitely.
You are covered in fur. (AC +1)


Message History

Press: ? - help, Shift-Dir - straight line, f/p - orc wizard
Aim: an orc wizard, wielding a dagger and wearing a robe The blast of sand hits the orc wizard.
You kill the orc wizard!
Vehumet accepts your kill.
b - 130 stones The orc warrior barely misses you.
A jelly comes into view.
Casting: Sandblast
Confirm with . or Enter, or press ? or * to list all spells.
Aiming: Sandblast
Press: ? - help, Shift-Dir - straight line, f - orc
Aim: an orc, wearing a leather armour The blast of sand hits the orc.
You kill the orc!
Vehumet accepts your kill.
b - 129 stones The orc priest calls down the wrath of Beogh upon you.
Beogh smites you!
You die...

###### .....#
.....#
########.....##
+.....@[o...J>.
#####.##o.....#
#.##......#
#..######[#
##.## # #..#
##.# #.## #..#


You could see an orc warrior, a jelly and an orc priest.

Vanquished Creatures
  Pikel (D:4)
  An ogre (D:4)
  The ghost of Frank the Skirmisher, an amateur OpFi (D:3)
  A howler monkey (D:4)
  2 hounds
  A bullfrog skeleton (D:4)
  Jessica (D:3)
  2 orc wizards
  3 worker ants
  A mummy (D:5)
  Robin (D:2)
  10 adders
  An ooze (D:6)
  2 worms
  A dart slug (D:1)
  3 leopard geckos
  9 orcs
  A giant cockroach (D:2)
  10 goblins
  4 hobgoblins
  3 kobolds
  2 quokkas
  A ball python (D:2)
  4 bats
  9 frilled lizards
  3 hobgoblin zombies (D:5)
  An orc zombie (D:5)
  9 rats
88 creatures vanquished.

Vanquished Creatures (others)
  A slave (D:4)
  An ogre (D:4)
2 creatures vanquished.

Grand Total: 90 creatures vanquished

Notes
Turn   | Place    | Note
-------+----------+-------------------------------------------
     0 | D:1      | Stelteck the Gargoyle Earth Elementalist began the quest for the Orb.
     0 | D:1      | Reached XP level 1. HP: 10/10 MP: 3/3
   248 | D:1      | Reached skill level 4 in Earth Magic
   352 | D:1      | Reached XP level 2. HP: 14/15 MP: 0/5
   410 | D:1      | Learned a level 2 spell: Passwall
   740 | D:2      | Reached skill level 5 in Earth Magic
   740 | D:2      | Reached XP level 3. HP: 18/19 MP: 3/6
   838 | D:2      | Reached XP level 4. HP: 4/24 MP: 0/7
  1112 | D:2      | Reached skill level 6 in Earth Magic
  1130 | D:2      | Found a stormy altar of Qazlal.
  1161 | D:2      | Noticed Robin
  1183 | D:2      | Killed Robin
  1314 | D:2      | Learned a level 3 spell: Stone Arrow
  1527 | D:2      | Found a shimmering altar of Xom.
  1528 | D:2      | Found an opulent altar of Gozag.
  1537 | D:2      | Found an ancient bone altar of Kikubaaqudgha.
  1717 | D:2      | Gained mutation: Your large and strong wings let you fly indefinitely. [potion of mutation]
  1717 | D:2      | Gained mutation: You have a pair of small antennae on your head. [potion of mutation]
  1717 | D:2      | Gained mutation: You are covered in fur. (AC +1) [potion of mutation]
  2167 | D:3      | Reached XP level 5. HP: 28/28 MP: 5/8
  2203 | D:3      | Noticed Frank's ghost (amateur OpFi)
  2211 | D:3      | Killed Frank's ghost
  2211 | D:3      | Reached skill level 7 in Earth Magic
  2323 | D:3      | Noticed Jessica
  2332 | D:3      | Reached XP level 6. HP: 32/32 MP: 6/9
  2334 | D:3      | Killed Jessica
  2334 | D:3      | Reached skill level 8 in Earth Magic
  3245 | D:4      | Found a bloodstained altar of Trog.
  3328 | D:4      | Reached XP level 7. HP: 29/36 MP: 10/10
  3504 | D:4      | Noticed Pikel
  3560 | D:4      | Killed Pikel
  3560 | D:4      | Reached XP level 8. HP: 15/41 MP: 0/11
  3696 | D:4      | Learned a level 4 spell: Petrify
  4068 | D:5      | Entered Level 5 of the Dungeon
  4088 | D:5      | Found a glowing silver altar of Zin.
  4230 | D:5      | Reached skill level 1 in Transmutations
  5137 | D:6      | Found a staircase to the Ecumenical Temple.
  5145 | Temple   | Entered the Ecumenical Temple
  5208 | Temple   | Became a worshipper of Vehumet
  5541 | D:6      | Killed from afar by an orc priest

Skill      XL: |  1  2  3  4  5  6  7  8 |
---------------+-------------------------+-----
Earth Magic    | 4 5 6 7 8 |  8.1
Armour         | 3 7 |  7.4
Transmutations | 2 |  2.3
Dodging        | |  1.5
Stealth        | |  2.1
Spellcasting   | |  2.0

Action                   |  1- 3 |  4- 6 |  7- 9 || total
-------------------------+-------+-------+-------++-------
Melee: Dagger            |    19 |   111 |    98 ||   228
       Unarmed           |     2 |       |       ||     2
       Club              |    11 |    24 |       ||    35
       Whip              |       |       |    11 ||    11
Throw: Tomahawk          |       |     1 |       ||     1
 Cast: Sandblast         |    21 |    34 |    27 ||    82
       Passwall          |       |     2 |       ||     2
 Abil: Fly               |       |     1 |       ||     1
  Use: Scroll            |       |     6 |     2 ||     8
       Potion            |       |     4 |     2 ||     6
 Stab: Sleeping          |     2 |     2 |     1 ||     5
  Eat: Chunk             |       |     4 |     7 ||    11
       Bread ration      |       |     1 |       ||     1
Armor: Robe              |    16 |    22 |       ||    38
       Leather armour    |       |    14 |    50 ||    64
Dodge: Dodged            |    35 |    74 |    47 ||   156
